Arrhythmia, chaotic female vampiric Convict --- --- ----.-- ---- ------------------.---------------------------- --.|...--- --..| -----.....>.......)0..............................-- |........| |....--............(.........--......------------------..-- ---- --.......| |...<.@qZ...-----...-...(.............-- |...|--..--- ---....----..........-- --.....................(| ---.--.....| |.|..| |.........(.| |.......................-- |........| |.|.-- --..-.-...--- --.-^[............--.....| ---......-- |)|-- --.|#..--- |.0..............--....-- ------- |.......| |.| |.| |.| -.[................-...-- ----.--..| ---....-- |)| |.| |.-- |0...............--......| |........-- |....| |.-- |.| |..| ----....--...%..---.........- --........| --...| |).| |.| |..| |.....^..--%^..-- |.........-- |........-- --- --..| --.-- |.| --.-----......-|#|(..-- ----.......| --.........---.-------- |.*-------|.| #|...........--.-.-- -........--.%...............-- |.....*..--.-- .-............ --- #--..........--..............| --.-----.....| ----........-. |.......----------........-- --- |...%.-- ---.......| |.......| --........| --....| # |..--...| ---...--- |.......-- --..-- ##..------- ----- --.------ ---- --- Arrhythmia the Jail-bird Experience level: 8 Strength: 17 Dexterity: 10 Constitution: 19 Intelligence: 12 Wisdom: 10 Charisma: 7 Health: 0(89) Energy: 42(42) AC: 3 Gold: 866 Moves: 4468 Your Inventory: Coins $ - 866 gold pieces Weapons y - an [uncursed +0] dagger [of searching] Armor b - a cursed +0 striped shirt (being worn) k - an [uncursed] +0 pair of old gloves [gauntlets of dexterity] (being worn) r - an [uncursed] +1 hooded cloak [dwarvish] (being worn) s - an [uncursed] +0 pair of hard shoes [iron] (being worn) D - an [uncursed] +1 hard hat [dwarvish iron helm] (being worn) Comestibles i - an uncursed Hot Futa Mare Dick Scrolls q - an [uncursed] scroll labeled ABRA KA DABRA [of flood] Potions f - an uncursed clear potion [of water] x - an [uncursed] white potion [of invisibility] B - an [uncursed] squishy potion [of healing] F - an [uncursed] potion of paralysis Rings g - an uncursed platinum ring [of teleport control] Tools E - an [uncursed] skeleton key Iron balls c - an uncursed heavy iron ball (weapon in hand) Spells known in the end: Name Level Category Fail Memory a - protection 1 clerical 60% [||||||||] b - detect monsters 1 divination 60% [||||||||] Your skills at the end: Fighting Skills Weapon Skills sling [Basic / Skilled] Spellcasting Skills Final Attributes: You were piously aligned. Hunger level was 274. Your alignment was 31 / 32. Monster difficulty range was 1 - 7. Level difficulty was 7. You were immune to poison. You were immune to level-drain. You were immune to sickness. You could fly. You could survive without air. You regenerated. Your luck was zero. You are dead. Vanquished creatures: a large cat a human mummy 5 ettin zombies a vampire bat a dwarf mummy a housecat a wood nymph 2 Uruk-hai a yellow light a shrieker 4 gnome lords a gnomish wizard a straw golem 2 giant ants a little dog a floating eye a kitten 8 dwarves 9 hill orcs 6 orc zombies 2 iguanas 6 coyotes a hobbit a hobgoblin 5 giant rats 5 cave spiders a brown mold 2 yellow molds 35 gnomes 3 geckos 8 jackals a kobold a goblin 3 grid bugs 5 bats 2 lichens a kobold zombie 4 newts 135 creatures vanquished. Voluntary challenges: You went without food. You never hit with a wielded weapon. You read items or engraved 5 times. You put on armor 9 times. You never genocided any monsters. You never polymorphed an object. You never changed form. You used no wishes. You abstained from Elbereth's help. You never encountered a bones level. You never used any Sokoban shortcuts. Dungeon overview: The Dungeons of Doom: levels 1 to 4 Level 1 a long staircase Level 3 a general store, some altars, some fountains Level 4 some fountains stairs to The Gnomish Mines The Gnomish Mines: levels 5 to 7 Level 5 stairs to The Dungeons of Doom Level 7 <- You were here History has recorded: On T:1 you entered the Dungeons of Doom to retrieve the Amulet of Yendor! On T:627 you reached level 2 of The Dungeons of Doom. On T:900 you advanced to experience level 2. On T:993 you reached level 3 of The Dungeons of Doom. On T:1045 you advanced to experience level 3. On T:1237 you advanced to experience level 4. On T:1875 you advanced to experience level 5. On T:1942 you reached level 4 of The Dungeons of Doom. On T:2195 you reached level 1 of The Gnomish Mines. On T:2249 you advanced to experience level 6. On T:2991 you reached level 2 of The Gnomish Mines. On T:3001 you advanced to experience level 7. On T:3774 you reached level 3 of The Gnomish Mines. On T:3811 you advanced to experience level 8. Latest messages: [HP+1=86] [HP+1=87] [HP+1=88] Hit points restored. [HP+1=89] [51 turns] You fly down along the stairs. The mumak misses. The mumak just misses! You hit the mumak! You bite the mumak. You miss the mumak. (2x) The mumak butts! The mumak bites! [HP-37=52] You miss the mumak. (2x) The mumak butts! The mumak bites! [HP-39=13] You miss the mumak. (2x) The mumak butts! You die... Final status: Goodbye Arrhythmia the Convict... You died in The Gnomish Mines on dungeon level 7 with 5462 points, and 866 pieces of gold, after 4468 moves. You were level 8 with a maximum of 89 hit points when you died.